 Dungeon Crawl Stone Soup version 0.28-a0-1080-g05a166d0ed (webtiles) character file.

Game seed: 18140473710293216883

154 leviel the Skirmisher (level 5, -4/47 HPs)
             Began as a Hill Orc Fighter on Dec 9, 2021.
             Slain by a scorpion (6 damage)
             ... on level 4 of the Dungeon.
             The game lasted 00:03:54 (2491 turns).

leviel the Skirmisher (Hill Orc Fighter)            Turns: 2491, Time: 00:03:54

Health: -4/47      AC:  7    Str: 21    XL:     5   Next: 35%
Magic:  0/5        EV:  9    Int:  8    God:
Gold:   172        SH:  4    Dex: 10    Spells: 4/4 levels left

rFire   . . .      SeeInvis .   a - +0 long sword
rCold   . . .      Faith    .   c - +0 buckler
rNeg    . . .      Spirit   +   b - +0 scale mail
rPois   .          Reflect  .   (no helmet)
rElec   .          Harm     .   (no cloak)
rCorr   .          Rampage  .   (no gloves)
Will    .....                   (no boots)
Stlth   ..........              f - amulet of guardian spirit
HPRegen 0.15/turn               (no ring)
MPRegen 0.09/turn               (no ring)

@: mighty
A: no striking features
a: no special abilities


You were on level 4 of the Dungeon.
You visited 1 branch of the dungeon, and saw 4 of its levels.

You collected 172 gold pieces.

Inventory:

Hand Weapons
 a - a +0 long sword (weapon)
Armour
 b - a +0 scale mail (worn)
 c - a +0 buckler (worn)
Jewellery
 f - an amulet of guardian spirit (around neck)
Scrolls
 g - a scroll of teleportation
 k - a scroll of torment {unknown}
 l - a scroll of fog {unknown}
 m - a scroll of magic mapping {unknown}
 n - a scroll of vulnerability {unknown}
Potions
 e - 2 potions of brilliance
 h - a potion of curing {unknown}
 i - a potion of attraction {unknown}
 j - a potion of haste {unknown}


   Skills:
 + Level 4.5 Fighting
 + Level 3.2 Long Blades
 + Level 4.1 Armour
 + Level 1.8 Stealth
 - Level 4.0 Shields


You had 4 spell levels left.
You didn't know any spells.
Your spell library was empty.

Dungeon Overview and Level Annotations

Branches:
Dungeon (4/15)
 Temple: D:4-7

Altars:


Message History

You closely miss the scorpion.
The scorpion is moderately wounded.
The scorpion stings you but does no damage.
You hit the scorpion but do no damage.
The scorpion is moderately wounded.
The scorpion stings you but does no damage.
The scorpion stings you.
* * * LOW HITPOINT WARNING * * *
You barely miss the scorpion.
The scorpion is moderately wounded.
The scorpion stings you.
* * * LOW HITPOINT WARNING * * *
You are poisoned.
The scorpion poisons you!
You closely miss the scorpion.
The scorpion is lightly wounded.
You feel very sick.
The scorpion stings you but does no damage.
You block the scorpion's attack.
You feel very mighty all of a sudden.
You feel sick. The scorpion misses you.
You slash the scorpion!
The scorpion is severely wounded.
You feel sick. The scorpion stings you.
* * * LOW HITPOINT WARNING * * *
You barely miss the scorpion.
The scorpion is severely wounded.
You feel sick. The scorpion stings you.
* * * LOW HITPOINT WARNING * * *
The scorpion stings you.
* * * LOW HITPOINT WARNING * * *
You hit the scorpion.
The scorpion is almost dead.
You feel sick. The scorpion barely misses you.
You barely miss the scorpion.
The scorpion is almost dead.
You feel sick.
You are no longer poisoned.
The scorpion barely misses you. The scorpion stings you!
You die...

## #. .# # #.. ..... .#
#$## #.# #.#.#.#.# ..##
..$........# ...
.#.#.#.#.#.# ### ..#
............#
##.###.####.#.#s#.#.#.#
#.#.............@.....#
.###.#.####.#.#.#.#.#.#
## ##..# #............#
.###.#.####.#.#.#.#.###
....##.##............#
##.....#..#.#.#.#.#.##
#......†.#...........#
#...##)####.#.#.#.#.##
...<##)## ###.#....##


You could see a scorpion.

Vanquished Creatures
  A centaur skeleton (D:4)
  An orc wizard (D:3)
  3 adders
  A worm (D:2)
  A dart slug (D:1)
  6 orcs
  4 endoplasms
  A giant cockroach (D:1)
  9 goblins
  A hobgoblin (D:1)
  8 jackals
  2 kobolds
  4 quokkas
  5 ball pythons
  4 bats
  2 frilled lizards (D:1)
  3 rats
56 creatures vanquished.

Vanquished Creatures (collateral kills)
  An endoplasm (D:4)
1 creature vanquished.

Grand Total: 57 creatures vanquished

Notes
Turn   | Place    | Note
-------+----------+-------------------------------------------
     0 | D:1      | leviel the Hill Orc Fighter began the quest for the Orb.
     0 | D:1      | Reached XP level 1. HP: 19/19 MP: 1/1
   131 | D:1      | Reached XP level 2. HP: 21/27 MP: 2/2
   621 | D:2      | Reached XP level 3. HP: 20/33 MP: 3/3
   877 | D:2      | Reached skill level 1 in Stealth
  1484 | D:3      | Reached XP level 4. HP: 36/40 MP: 4/4
  2318 | D:4      | Reached XP level 5. HP: 42/47 MP: 5/5
  2490 | D:4      | HP: 2/47 [poisoned by a scorpion]
  2491 | D:4      | Slain by a scorpion

Illustrated notes

Levels and vault maps discovered:
D:1:      minmay_arrival_four_houses, layout_rooms, minmay_statues_item
D:2:      layout_basic, grunt_ministairs_9
D:3:      layout_basic
D:4:      layout_loops_ring, st_stairs_11, minmay_surrounded, uniq_ijyb

Skill      XL: |  1  2  3  4 |
---------------+-------------+-----
Fighting       | 4 |  4.5
Stealth        | 1 |  1.8
Long Blades    | 3 |  3.2
Armour         | 4 |  4.1
Shields        | 4 |  4.0

Action                   |  1- 3 |  4- 6 || total
-------------------------+-------+-------++-------
Melee: Long sword        |   109 |   145 ||   254
  Use: Scroll            |       |     4 ||     4
       Potion            |       |     1 ||     1
Armor: Scale mail        |    56 |    77 ||   133
Dodge: Dodged            |    58 |    94 ||   152
Block: Buckler           |    28 |    52 ||    80

Table legend: (Time is in decaauts)
 A = Elapsed time spent in this place.
 B = Non-inter-level travel time spent in this place.
 C = Inter-level travel time spent in this place.
 D = Time resting spent in this place.
 E = Time spent auto-exploring this place.
 F = Levels seen in this place.
 G = Mean time per level.
                   A        B        C        D        E       F      G
               +--------+--------+--------+--------+--------+-----+--------+
         Total |   2556 |   2502 |     54 |      4 |   1989 |   4 |  639.0 |
       Dungeon |   2556 |   2502 |     54 |      4 |   1989 |   4 |  639.0 |
               +--------+--------+--------+--------+--------+-----+--------+

Top non-repeatable levels by time:
     D:2: 765 daAuts
     D:3: 671 daAuts
     D:1: 626 daAuts
     D:4: 493 daAuts
